 Dungeon Crawl Stone Soup version 0.29.1-15-g9cfb28693d (webtiles) character file.

Game seed: 10683045518148381926

33921 Andrakon the Frost Mage (level 13, -15/107 HPs)
             Began as a Green Draconian Ice Elementalist on Mar 26, 2023.
             Was the Champion of Cheibriados.
             Demolished by Rupert
             ... wielding a +2 triple sword of holy wrath
              (40 damage)
             ... on level 3 of the Lair of Beasts.
             The game lasted 02:43:11 (18804 turns).

Andrakon the Frost Mage (DrIE)                     Turns: 18804, Time: 02:43:12

Health: -15/107    AC: 15    Str: 32    XL:     13   Next: 39%
Magic:  15/25      EV: 15    Int: 35    God:    Cheibriados [******]
Gold:   1728       SH: 15    Dex: 32    Spells: 7/29 levels left

rFire   + + .      SeeInvis .   e - staff of cold
rCold   + . .      Faith    .   K - +1 kite shield
rNeg    . . .      Spirit   .   (body armour unavailable)
rPois   +          Reflect  .   (helmet restricted)
rElec   .          Harm     .   S - +0 cloak
rCorr   .          Rampage  .   N - +0 pair of gloves
Will    .....                   Y - +0 pair of boots
Stlth   +++.......              y - amulet of magic regeneration
HPRegen 0.27/turn               V - +4 ring of protection
MPRegen 0.59/turn               r - ring "Urual" {Str+5 Dex+6}

@: short of breath, very slow
A: breathe noxious fumes, AC +8, unfitting armour, poison resistance,
cold-blooded, fire resistance 2
a: Breathe Noxious Fumes, Renounce Religion, Bend Time, Temporal Distortion,
Slouch, Step From Time


You were on level 3 of the Lair of Beasts.
You worshipped Cheibriados.
Cheibriados was exalted by your worship.
You visited 5 branches of the dungeon, and saw 16 of its levels.
You also visited: Sewer, Ossuary and Bailey.

You collected 1845 gold pieces.
You spent 117 gold pieces at shops.

Inventory:

Hand Weapons
 L - a +2 flail of holy wrath
 R - a +0 vorpal shortbow
 U - a +0 trident of venom
 W - a +3 bardiche of flaming
Missiles
 n - 6 boomerangs
 u - 17 poisoned darts
Armour
 K - a +1 kite shield (worn)
 N - a +0 pair of gloves (worn)
 S - a +0 cloak (worn)
 Y - a +0 pair of boots (worn)
Magical Staves
 e - a staff of cold (weapon)
 E - a staff of poison
 T - a staff of fire
 Z - a staff of air
Jewellery
 o - an amulet of regeneration
 r - the ring "Urual" (right hand) {Str+5 Dex+6}
   (You found it on level 2 of the Lair of Beasts)

   [ring of dexterity]

   Str:       It affects your strength (+5).
   Dex:       It affects your dexterity (+6).
 y - an amulet of magic regeneration (around neck)
 D - an amulet of reflection
 P - a +4 ring of slaying
 V - a +4 ring of protection (left hand)
Wands
 b - a wand of roots (11)
 c - a wand of mindburst (4)
 s - a wand of charming (9)
 C - a wand of flame (8)
 O - a wand of acid (3)
Scrolls
 f - 2 scrolls of silence
 i - 4 scrolls of fear
 m - a scroll of brand weapon {unknown}
 p - 2 scrolls of enchant armour
 q - 2 scrolls of amnesia
 t - 2 scrolls of vulnerability
 v - 2 scrolls of poison {unknown}
 w - 10 scrolls of teleportation
 x - 3 scrolls of fog
 B - 5 scrolls of blinking
 G - 3 scrolls of summoning
Potions
 a - 6 potions of magic
 d - 14 potions of curing
 g - 2 potions of brilliance
 h - 6 potions of attraction
 j - 2 potions of cancellation {unknown}
 k - 2 potions of might {unknown}
 l - a potion of heal wounds
 z - a potion of ambrosia {unknown}
 A - a potion of flight {unknown}
 H - 2 potions of berserk rage {unknown}
 I - a potion of invisibility
 J - a potion of resistance
 Q - a potion of lignification {unknown}
 X - a potion of experience
Miscellaneous
 M - a lightning rod (4/4)


   Skills:
 - Level 8.0 Fighting
 - Level 4.0 Staves
 + Level 4.7 Dodging
 - Level 3.5 Stealth
 - Level 6.2 Shields
 + Level 8.9 Spellcasting
 + Level 6.1 Conjurations
 * Level 14.0 Ice Magic
 - Level 5.4 Air Magic
 - Level 3.3 Poison Magic
 - Level 5.6 Invocations
 - Level 4.5 Evocations


You had 7 spell levels left.
You knew the following spells:

 Your Spells              Type           Power      Damage    Failure   Level
a - Freeze                Ice            100%       1d11      1%          1
b - Frozen Ramparts       Ice            100%       1d16      1%          3
c - Ozocubu's Armour      Ice            100%       N/A       1%          3
d - Hailstorm             Conj/Ice       92%        3d18      1%          4
e - Ensorcelled Hibernat  Hex/Ice        100%       N/A       1%          2
f - Shock                 Conj/Air       100%       1d9       1%          1
g - Freezing Cloud        Conj/Ice/Air   42%        6-21      6%          5
h - Mephitic Cloud        Conj/Pois/Air  50%        N/A       3%          3

Your spell library contained the following spells:

 Spells                   Type           Power      Damage    Failure   Level
 Poisonous Vapours        Pois/Air       92%        N/A       1%          2
 Swiftness                Air            52%        N/A       2%          3
 Airstrike                Air            26%        2d(4-20)  8%          4
 Spider Form              Tmut/Pois      27%        N/A       12%         3
 Ignite Poison            Fire/Tmut/Pois 23%        N/A       14%         3
 Lightning Bolt           Conj/Air       27%        1d43      19%         5
 Inner Flame              Hex/Fire       15%        N/A       22%         3
 Corpse Rot               Necr/Pois/Air  36%        N/A       22%         4
 Fulminant Prism          Conj/Hex       18%        3d11      22%         4
 Iskenderun's Mystic Bla  Conj/Tloc      37%        2d9       22%         4
 Summon Lightning Spire   Summ/Air       34%        N/A       24%         4
 Simulacrum               Ice/Necr       38%        N/A       54%         6
 Anguish                  Hex/Necr       7%         N/A       58%         4
 Cause Fear               Hex            7%         N/A       58%         4
 Lee's Rapid Deconstruct  Erth           7%         3d8*      91%         5
 Storm Form               Tmut/Air       17%        N/A       100%        7
 Discord                  Hex            7%         N/A       100%        8
 Polar Vortex             Ice            53%        N/A       100%        9


Dungeon Overview and Level Annotations

Branches:
Dungeon (10/15)            Temple (1/1) D:6            Lair (3/5) D:10
 Shoals (1/4) Lair:2       Spider (1/4) Lair:2        Sewer (visited)
Ossuary (visited)          Bailey (visited)
    Orc: D:9-12

Altars:
Ashenzari
Cheibriados
Dithmenos
Elyvilon
Fedhas
Gozag
Hepliaklqana
Kikubaaqudgha
Makhleb
Nemelex Xobeh
Okawaru
Qazlal
Ru
Sif Muna
Trog
Uskayaw
Vehumet
Wu Jian
Xom
Yredelemnul
Zin
The Shining One

Shops:
D:3 *   D:7 *

Annotations:
D:6 1 runed translucent door, Crazy Yiuf
D:7 2 runed translucent doors
Lair:3 Rupert


Innate Abilities, Weirdness & Mutations

You can breathe blasts of noxious fumes.
Your lurid green scales are hard. (AC +8)
You cannot fit into any form of body armour.
Your system is resistant to poisons. (rPois)
You are cold-blooded and may be slowed by cold attacks.
Your flesh is very heat resistant. (rF++)


Message History

Aim: Rupert, wielding a +2 triple sword of holy wrath and wearing a +2 leather armour of cold resistance (freezing vapour, heavily wounded, berserk)
You feel a surge of power!
You freeze Rupert.
Rupert resists.
Rupert is heavily wounded.
Rupert is engulfed in freezing vapours.
Rupert resists.
The wall freezes Rupert.
You block Rupert's attack.
Aiming: Freeze (safe; 1% risk of failure)
Press: ? - help, Q - select action, (/) - cycle Shift-Dir - straight line, f/p - Rupert
Aim: Rupert, wielding a +2 triple sword of holy wrath and wearing a +2 leather armour of cold resistance (freezing vapour, heavily wounded, berserk)
You feel a surge of power!
You freeze Rupert.
Rupert resists.
Rupert is severely wounded.
Rupert is engulfed in freezing vapours.
Rupert resists.
The wall freezes Rupert.
Rupert hits you with a +2 triple sword of holy wrath.
Rupert is engulfed in freezing vapours.
Rupert resists.
The wall freezes Rupert.
Rupert hits you with a +2 triple sword of holy wrath!!
* * * LOW HITPOINT WARNING * * *
You feel much better.
Rupert is engulfed in freezing vapours.
Rupert resists.
The wall freezes Rupert.
You block Rupert's attack.
You feel much better.
The frozen ramparts melt away.
Rupert is engulfed in freezing vapours.
You block Rupert's attack.
Rupert is engulfed in freezing vapours.
You block Rupert's attack.
Aiming: Mephitic Cloud (mildly dangerous; 3% risk of failure)
Press: ? - help, Q - select action, (/) - cycle Shift-Dir - straight line, p - Rupert The ball explodes into a vile cloud!
The stinking cloud engulfs Rupert but does no damage.
Rupert is severely wounded.
The stinking cloud engulfs you but does no damage.
Rupert is engulfed in freezing vapours.
Rupert hits you with a +2 triple sword of holy wrath!
Your icy armour will break if you move.
Continue?
Your icy armour cracks and falls away as you move.
Rupert is engulfed in freezing vapours.
Rupert is engulfed in noxious fumes.
You block Rupert's attack.
Rupert is engulfed in noxious fumes.
Rupert completely misses you.
You feel better.
Rupert hits you with a +2 triple sword of holy wrath!!
* * * LOW HITPOINT WARNING * * *
Rupert hits you with a +2 triple sword of holy wrath!!!
You die...

.....# #.
##...⌠..#..#####..##
.P..## .⌠.
#............##...#
....#
....#............+...##
...##
.>..+.⌠.>.⌠..⌠...#..##
####
.....§§§..........##
##.☼§§........###
#.§§§.....##.#
#....##.@.....#.## ....
##@........## ..
##...⌠.....##
##^........##
#..........####
###....#.†....#
#.#####......# ###
##.#...## ###......#
###.......##


You could see Rupert (berserk).

Vanquished Creatures
  Kirke (Lair:3)
  An orc warlord (Bailey)
  The ghost of roguespy the Cleaver, a journeyman MiHu of Nemelex Xobeh (Lair:1)
  Harold (D:9)
  A boulder beetle (Spider:1)
  A hydra (Lair:3)
  A catoblepas (Lair:2)
  3 two-headed ogres
  A death yak (Lair:2)
  A sun moth (Spider:1)
  An orb spider (Spider:1)
  Pikel (D:7)
  2 cyclopes
  2 water nymphs (Shoals:1)
  Maurice (D:8)
  A black mamba (Lair:1)
  3 cane toads
  2 torpor snails
  3 komodo dragons
  A rime drake (Lair:3)
  Maggie (D:8)
  A polar bear (Lair:3)
  2 trolls
  A meliai (Lair:2)
  2 hornets
  Grinder (D:4)
  5 blink frogs (Lair:1)
  A jumping spider (Spider:1)
  A vampire (D:10)
  A shadow (D:9)
  3 wraiths
  3 wyverns
  7 hogs (Lair:3)
  A basilisk (Lair:1)
  34 yaks
  2 steam dragons
  3 wargs (D:10)
  12 water moccasins
  2 ice beasts
  Pargi (Sewer)
  16 orc warriors
  4 black bears
  4 sky beasts
  3 ogres
  9 wolves
  13 centaurs
  4 lemures (D:7)
  A kobold brigand (D:7)
  5 elf zombies (Ossuary)
  4 necrophages
  8 bullfrogs
  5 scorpions
  4 gnoll sergeants
  12 wights
  13 killer bees
  5 howler monkeys
  2 human zombies (Ossuary)
  5 centaur zombies (Ossuary)
  2 jellies
  6 orc priests
  A hound (D:7)
  A gnoll bouda (D:7)
  An iguana (D:5)
  7 orc wizards
  3 centaur simulacra (D:9)
  4 mummies
  27 gnolls
  4 adders
  A shadow imp (D:7)
  3 white imps
  3 ufetubi
  2 worms
  3 dart slugs
  29 orcs
  6 endoplasms
  4 giant cockroaches
  14 goblins
  12 hobgoblins
  3 jackals (D:4)
  17 kobolds
  3 quokkas
  13 ball pythons
  10 bats
  5 frilled lizards
  A hobgoblin zombie (D:7)
  A kobold zombie (D:7)
  4 rats
420 creatures vanquished.

Vanquished Creatures (others)
  19 fungi
  55 plants
74 creatures vanquished.

Grand Total: 494 creatures vanquished

Notes
Turn   | Place    | Note
-------+----------+-------------------------------------------
     0 | D:1      | Andrakon the Draconian Ice Elementalist began the quest for
                  | the Orb.
     0 | D:1      | Reached XP level 1. HP: 14/14 MP: 3/3
   219 | D:1      | Reached XP level 2. HP: 15/19 MP: 5/5
   854 | D:1      | Reached XP level 3. HP: 10/26 MP: 1/6
  1072 | D:1      | Learned a level 3 spell: Frozen Ramparts
  1967 | D:2      | Learned a level 3 spell: Ozocubu's Armour
  2023 | D:2      | Found an ancient bone altar of Kikubaaqudgha.
  2067 | D:2      | Reached XP level 4. HP: 33/33 MP: 3/8
  2371 | D:2      | Reached skill level 1 in Evocations
  2666 | D:3      | Reached XP level 5. HP: 36/38 MP: 3/9
  2774 | D:3      | Found a broken altar of Ashenzari.
  2852 | D:3      | Found Uhotug's Assorted Antiques.
  2954 | D:3      | Bought a helmet for 117 gold pieces
  3089 | D:3      | Reached skill level 5 in Ice Magic
  3454 | D:3      | You fall into a shaft and drop 2 floors!
  3454 | D:5      | Entered Level 5 of the Dungeon
  3462 | D:5      | Found an ornate altar of the Wu Jian Council.
  3465 | D:5      | Noticed an ogre
  3474 | D:5      | Found a bloodstained altar of Trog.
  3505 | D:5      | Found a glowing drain.
  3514 | Sewer    | Entered a sewer
  3546 | Sewer    | Noticed Pargi
  3552 | Sewer    | Killed Pargi
  3553 | Sewer    | Reached skill level 1 in Fighting
  3553 | Sewer    | Reached XP level 6. HP: 47/47 MP: 3/11
  3721 | D:4      | Found a radiant altar of Vehumet.
  3726 | D:4      | Found a snail-covered altar of Cheibriados.
  3726 | D:4      | Found a burning altar of Makhleb.
  3726 | D:4      | Found an iron altar of Okawaru.
  3774 | D:4      | Became a worshipper of Cheibriados the Contemplative
  3788 | D:4      | Noticed Grinder
  4385 | D:4      | Found a hide-covered altar of Uskayaw.
  4423 | D:4      | Found an ancient bone altar of Kikubaaqudgha.
  4425 | D:4      | Found a blossoming altar of Fedhas.
  4594 | D:4      | Reached skill level 1 in Staves
  4730 | D:4      | Paralysed by Grinder for 4 turns
  4740 | D:4      | Killed Grinder
  4741 | D:4      | Your scales start taking on a lurid green colour.
  4741 | D:4      | Reached XP level 7. HP: 15/56 MP: 1/13
  4741 | D:4      | Gained mutation: Your system is resistant to poisons.
                  | (rPois) [Green Draconian growth]
  5596 | D:5      | Learned a level 4 spell: Hailstorm
  5888 | D:5      | Gained mutation: Your flesh is heat resistant. (rF+)
                  | [potion of mutation]
  5888 | D:5      | Gained mutation: You are weak. (Str -2) [potion of
                  | mutation]
  5888 | D:5      | Lost mutation: You are weak. (Str -2) [potion of mutation]
  5888 | D:5      | Gained mutation: Your flesh is very heat resistant. (rF++)
                  | [potion of mutation]
  6076 | D:5      | Reached skill level 6 in Ice Magic
  6380 | D:5      | Reached skill level 1 in Conjurations
  6772 | D:5      | Reached XP level 8. HP: 63/63 MP: 4/14
  6867 | D:6      | Reached * piety under Cheibriados
  6876 | D:6      | Reached skill level 5 in Spellcasting
  6966 | D:6      | Found a staircase to the Ecumenical Temple.
  6994 | Temple   | Entered the Ecumenical Temple
  7684 | D:6      | Found a runed translucent door.
  7685 | D:6      | Noticed Crazy Yiuf
  7740 | D:6      | Reached skill level 5 in Fighting
  7740 | D:6      | Reached skill level 7 in Ice Magic
  7740 | D:6      | Reached XP level 9. HP: 66/74 MP: 13/17
  7889 | D:6      | Found a shadowy altar of Dithmenos.
  7942 | D:7      | Found Ycyx's Assorted Antiques.
  8028 | D:7      | Found a large runed translucent door.
  8029 | D:7      | Found a large runed translucent door.
  8035 | D:7      | Noticed a cyclops
  8279 | D:7      | Found an opulent altar of Gozag.
  8382 | D:7      | Found a sand-covered staircase.
  8393 | Ossuary  | Entered an ossuary
  8415 | Ossuary  | Reached ** piety under Cheibriados
  8631 | Ossuary  | Reached skill level 1 in Invocations
  8781 | D:7      | Reached XP level 10. HP: 57/83 MP: 19/19
  8794 | D:7      | Reached skill level 5 in Conjurations
  8794 | D:7      | Reached skill level 8 in Ice Magic
  8926 | D:7      | Noticed Pikel
  8974 | D:7      | Killed Pikel
  9496 | D:7      | Found a large runed translucent door.
  9500 | D:7      | Found a large runed translucent door.
  9792 | D:7      | Reached *** piety under Cheibriados
 10354 | D:7      | Killed a cyclops
 10355 | D:7      | Reached skill level 1 in Shields
 10459 | D:7      | Identified the +3 chain mail "Puyfo" {rPois Str+5}
 10502 | D:8      | Learned a level 2 spell: Ensorcelled Hibernation
 10531 | D:8      | Reached skill level 9 in Ice Magic
 10603 | D:8      | Noticed Maurice
 10618 | D:8      | Noticed Maggie
 10631 | D:8      | Killed Maggie
 10644 | D:8      | Killed Maurice
 10821 | D:8      | Found a flagged portal.
 10828 | Bailey   | Entered a bailey
 10844 | Bailey   | Reached **** piety under Cheibriados
 11035 | Bailey   | Reached XP level 11. HP: 92/92 MP: 21/21
 11210 | Bailey   | Noticed an orc warlord
 11218 | Bailey   | Reached skill level 10 in Ice Magic
 11224 | Bailey   | Killed an orc warlord
 11225 | Bailey   | Reached skill level 5 in Shields
 11398 | Bailey   | Got Sif Muna's Precepts of Stormy Pollution
 11422 | Bailey   | Reached ***** piety under Cheibriados
 11660 | D:8      | Learned a level 1 spell: Shock
 11743 | D:8      | Noticed a two-headed ogre
 12068 | D:8      | Killed a two-headed ogre
 12069 | D:8      | Reached skill level 1 in Air Magic
 12951 | D:9      | Found a white marble altar of Elyvilon.
 13035 | D:9      | Noticed Harold
 13081 | D:9      | Killed Harold
 13261 | D:9      | Reached skill level 11 in Ice Magic
 14408 | D:9      | Found a glowing golden altar of the Shining One.
 14521 | D:10     | Entered Level 10 of the Dungeon
 14617 | D:10     | Identified a scroll of acquirement
 14617 | D:10     | Acquired 787 gold pieces
 14673 | D:10     | Reached ****** piety under Cheibriados
 14878 | D:10     | Noticed a two-headed ogre
 14888 | D:10     | Killed a two-headed ogre
 14995 | D:10     | Learned a level 5 spell: Freezing Cloud
 15010 | D:10     | Reached XP level 12. HP: 101/101 MP: 10/23
 15139 | D:10     | Found a staircase to the Lair.
 15362 | D:10     | Noticed a two-headed ogre
 15374 | D:10     | Killed a two-headed ogre
 15375 | D:10     | Reached skill level 12 in Ice Magic
 15706 | Lair:1   | Entered Level 1 of the Lair of Beasts
 15735 | Lair:1   | You fall into a shaft and drop 1 floor!
 15744 | Lair:2   | Identified the ring "Urual" {Str+5 Dex+6}
 15871 | Lair:1   | Found a runed translucent door.
 16065 | Lair:1   | Learned a level 3 spell: Mephitic Cloud
 16106 | Lair:1   | Found a sacrificial altar of Ru.
 16233 | Lair:1   | Noticed roguespy's ghost (journeyman MiHu)
 16286 | Lair:1   | Reached skill level 1 in Poison Magic
 16436 | Lair:1   | Identified the +1 leather armour of the Learner {rF- rCorr
                  | Dex+4 SInv}
 16491 | Lair:1   | Killed roguespy's ghost
 16832 | Lair:2   | Found a hole to the Spider Nest.
 16848 | Lair:2   | Noticed a catoblepas
 16870 | Lair:2   | Killed a catoblepas
 17062 | Lair:2   | Noticed a death yak
 17118 | Lair:2   | Killed a death yak
 17119 | Lair:2   | Reached skill level 13 in Ice Magic
 17119 | Lair:2   | Reached skill level 5 in Air Magic
 17208 | Lair:2   | Found a staircase to the Shoals.
 17605 | Lair:2   | Reached skill level 5 in Invocations
 17607 | Lair:2   | Reached XP level 13. HP: 107/107 MP: 14/25
 17673 | Lair:2   | Found a glowing silver altar of Zin.
 17957 | Spider:1 | Entered Level 1 of the Spider Nest
 18336 | Shoals:1 | Entered Level 1 of the Shoals
 18467 | Shoals:1 | Noticed a merfolk impaler
 18513 | Lair:3   | Noticed Kirke
 18525 | Lair:3   | Killed Kirke
 18622 | Lair:3   | Reached skill level 14 in Ice Magic
 18781 | Lair:3   | Noticed Rupert
 18799 | Lair:3   | HP: 3/107 [Rupert/+2 triple sword of holy wrath (32)]
 18804 | Lair:3   | Demolished by Rupert

Illustrated notes

Levels and vault maps discovered:
D:1:      psy_arrival_whirlpool, layout_basic
D:2:      layout_loops_ring, basic_altar
D:3:      layout_basic, mainiacjoe_overflow_concentric_impassable, serial_shops,
          nicolae_shop_statue_plus
D:4:      layout_basic, grunt_temple_overflow_growth_and_decay,
          eat_drink_and_be_merry_uskayaw, grunt_temple_overflow_open,
          uniq_grinder
D:5:      layout_layer_cave, nicolae_wu_jian_wuxing_cycle,
          trog_three_pillars_becter, cheibrodos_sewer_entry_sluice
D:6:      layout_cave_pools, grunt_dithmenos_shadows,
          minmay_temple_entry_stoned_glass, grunt_decor_clamped,
          uniq_crazy_yiuf_cottage
D:7:      layout_basic, mainiacjoe_overflow_cross_hatched,
          nicolae_ossuary_entry_giza, serial_shops, shop_fountains,
          nrook_loot_triangle, minmay_hollow_rounded_squares, uniq_pikel
D:8:      layout_loops_ring, enter_bailey_2, minmay_puff, uniq_maurice,
          uniq_maggie
D:9:      kennysheep_blocky_hall, layout_loops_corners, amcnicky_altar_gilded,
          tso_altar, serial_ice, serial_ice_d, serial_ice_g, serial_ice_k,
          serial_ice_o, uniq_harold
D:10:     layout_roguey, erik_lair_orcish_takeover
Temple:   nicolae_temple_superstar
Lair:1:   layout_regular_city, hellmonk_ghost_happy_afterlife, basic_altar,
          grunt_megastairs_4, lemuel_fruit_fields
Lair:2:   layout_long_grid, minmay_shoals_entry_centaurs,
          hellmonk_spider_entry_not_the_bees, lemuel_centaur_altar
Lair:3:   layout_layer_cave, basic_altar, eino_house_with_fridge,
          grunt_megastairs_3, uniq_kirke, uniq_rupert, uniq_amaemon
Shoals:1: layout_shoals, serial_shops, shop
Spider:1: layout_spider_delve, uniq_asterion, uniq_roxanne

Skill      XL: |  1  2  3  4  5  6  7  8  9 10 11 12 13 |
---------------+----------------------------------------+-----
Stealth        | 2 3 |  3.5
Dodging        | 2 3 4 |  4.7
Evocations     | 1 2 3 4 |  4.5
Spellcasting   | 3 4 5 6 7 8 |  8.9
Ice Magic      | 5 6 7 9 11 13 14 | 14.0
Fighting       | 1 2 3 5 6 7 8 |  8.0
Staves         | 1 2 4 |  4.0
Conjurations   | 1 3 4 5 6 |  6.1
Invocations    | 2 5 |  5.6
Shields        | 4 6 |  6.2
Air Magic      | 2 5 |  5.4
Poison Magic   | 3 |  3.3

Action                   |  1- 3 |  4- 6 |  7- 9 | 10-12 | 13-15 || total
-------------------------+-------+-------+-------+-------+-------++-------
Melee: Short sword       |    25 |       |       |       |       ||    25
       Unarmed           |     8 |       |       |       |       ||     8
       Tailslap          |     3 |    15 |    38 |    38 |     8 ||   102
       Staff             |    12 |    77 |   245 |   179 |    22 ||   535
       Punch             |       |       |     2 |       |       ||     2
Throw: Boomerang         |       |     3 |     3 |       |       ||     6
       Stone             |       |       |    15 |     5 |       ||    20
       Dart              |       |       |       |     4 |       ||     4
 Cast: Freeze            |    52 |    26 |    67 |   104 |    14 ||   263
       Frozen Ramparts   |       |    12 |    15 |    47 |     7 ||    81
       Ozocubu's Armour  |       |     6 |    11 |    23 |     5 ||    45
       Hailstorm         |       |       |    10 |    72 |    21 ||   103
       Ensorcelled Hiber |       |       |       |     7 |       ||     7
       Shock             |       |       |       |   142 |    38 ||   180
       Freezing Cloud    |       |       |       |    10 |     8 ||    18
       Mephitic Cloud    |       |       |       |     2 |     1 ||     3
 Abil: Breathe Noxious F |       |       |     1 |     3 |     2 ||     6
Evoke: Lightning rod     |       |       |       |     3 |       ||     3
       Wand              |       |       |       |     2 |       ||     2
  Use: Scroll            |     5 |     6 |     4 |    11 |       ||    26
       Potion            |       |       |     1 |     6 |     4 ||    11
 Stab: Sleeping          |     1 |     2 |     2 |     2 |       ||     7
       Distracted        |       |       |       |     1 |       ||     1
Armor: Skin              |    39 |    32 |   116 |   127 |    19 ||   333
Dodge: Dodged            |    78 |    64 |   199 |   203 |    37 ||   581
Block: Kite shield       |       |       |       |   244 |    67 ||   311
